2739 views
Uploaded 2019-12-01 21:02:39
Game version 1.32.0.3 / 1.32.0.3.1
31:00 long 3on3 ladder game on (6)GnollWood
Saved by iggythefisk
2739 views
Uploaded 2019-12-01 21:02:39
Game version 1.32.0.3 / 1.32.0.3.1
31:00 long 3on3 ladder game on (6)GnollWood


68 units @ 5.3k
/ 0.1k
169 buildings @ 13.4k
/ 7.5k


| Lesser Clarity Potion | 1 | 70 |
| Orb of Venom | 1 | 325 |
| Staff of Preservation | 1 | 150 |
| Moonstone | 2 | 100 |
| Scroll of Town Portal | 2 | 700 |
| Boots of Speed | 2 | 500 |
| Staff of Teleportation | 2 | 300 |
| Periapt of Vitality | 1 | 325 |
| Circlet of Nobility | 2 | 350 |
| Orb of Lightning | 1 | 375 |
| Staff of Sanctuary | 1 | 250 |
| total: | 16 | 3445g |
| Wisp | 18 | 1080 | / | 0 |
| total: | 18 | 1080g | / | 0w |
| Altar of Elders | 1 | 180 | / | 50 |
| Moon Well | 7 | 1260 | / | 280 |
| Ancient of Wonders | 1 | 90 | / | 30 |
| Hunter's Hall | 1 | 210 | / | 100 |
| Ancient of Wind | 1 | 150 | / | 140 |
| Chimaera Roost | 2 | 280 | / | 380 |
| Tree of Ages | 1 | 320 | / | 180 |
| Tree of Eternity | 1 | 330 | / | 200 |
| total: | 13 | 2170g | / | 980w |
| 0:01 | Wisp |
| 0:01 | Wisp |
| 0:12 | Altar of Elders |
| 0:17 | Moon Well |
| 0:25 | Wisp |
| 0:31 | Wisp |
| 0:53 | Wisp |
| 0:57 | Wisp |
| 1:19 | Wisp |
| 1:32 | Wisp |
| 1:46 | Wisp |
| 1:46 | Wisp |
| 1:46 | Wisp |
| 1:55 | Wisp |
| 2:13 | Moon Well |
| 2:22 | Entangling Roots |
| 2:28 | Moon Well |
| 3:09 | Wisp |
| 3:10 | Wisp |
| 3:22 | Wisp |
| 4:10 | Boots of Speed |
| 4:15 | Staff of Teleportation |
| 4:48 | Tree of Ages |
| 4:58 | Ancient of Wonders |
| 6:21 | Hunter's Hall |
| 6:25 | Moon Well |
| 6:26 | Moon Well |
| 6:43 | Lesser Clarity Potion |
| 7:25 | Tree of Eternity |
| 8:33 | Thorns Aura |
| 10:05 | Well Spring |
| 10:13 | Chimaera Roost |
| 10:13 | Chimaera Roost |
| 10:15 | Ancient of Wind |
| 10:17 | Wisp |
| 10:18 | Wisp |
| 10:18 | Wisp |
| 11:45 | Corrosive Breath |
| 11:48 | Strength of the Wild |
| 11:48 | Reinforced Hides |
| 11:55 | Orb of Venom |
| 11:56 | Staff of Preservation |
| 12:53 | Moon Well |
| 12:53 | Moon Well |
| 13:52 | Improved Strength of the Wild |
| 13:52 | Improved Reinforced Hides |
| 14:50 | Entangling Roots |
| 15:28 | Moonstone |
| 17:54 | Moonstone |
| 19:03 | Advanced Strength of the Wild |
| 19:03 | Advanced Reinforced Hides |
| 20:27 | Thorns Aura |
| 21:12 | Scroll of Town Portal |
| 24:23 | Periapt of Vitality |
| 24:27 | Boots of Speed |
| 24:27 | Staff of Teleportation |
| 24:27 | Circlet of Nobility |
| 24:39 | Orb of Lightning |
| 24:46 | Rain of Fire |
| 25:32 | Staff of Sanctuary |
| 27:57 | Circlet of Nobility |
| 29:57 | Scroll of Town Portal |
| Right click | 2184 |
| Select | 421 |
| Select group | 277 |
| Assign group | 106 |
| Use ability | 95 |
| Build/train/purchase | 91 |
| Resource trade | 85 |
| Chat | 43 |
| Misc. action | 14 |
| Minimap ping | 6 |
| Esc | 4 |
| Item give/drop | 3 |



| Staff of Sanctuary | 3 | 750 |
| Potion of Healing | 1 | 150 |
| Lesser Clarity Potion | 2 | 140 |
| Boots of Speed | 3 | 750 |
| Staff of Teleportation | 3 | 450 |
| Healing Salve | 1 | 100 |
| Orb of Lightning | 2 | 750 |
| Orb of Venom | 1 | 325 |
| total: | 16 | 3415g |
| Peasant | 33 | 2475 | / | 0 |
| Priest | 3 | 405 | / | 30 |
| total: | 36 | 2880g | / | 30w |
| Scout Tower | 91 | 2730 | / | 1820 |
| Arcane Tower | 7 | 490 | / | 350 |
| Guard Tower | 40 | 2800 | / | 2000 |
| Altar of Kings | 1 | 180 | / | 50 |
| Lumber Mill | 1 | 120 | / | 0 |
| Farm | 5 | 400 | / | 100 |
| Arcane Vault | 4 | 520 | / | 120 |
| Town Hall | 3 | 1155 | / | 615 |
| Arcane Sanctum | 1 | 150 | / | 140 |
| Keep | 1 | 320 | / | 210 |
| Castle | 1 | 360 | / | 210 |
| total: | 106 | 5255g | / | 2845w |
| 0:03 | Peasant |
| 0:14 | Peasant |
| 0:19 | Altar of Kings |
| 0:23 | Peasant |
| 0:38 | Peasant |
| 0:49 | Lumber Mill |
| 0:51 | Peasant |
| 1:06 | Farm |
| 1:08 | Peasant |
| 1:16 | Scout Tower |
| 1:20 | Arcane Vault |
| 1:23 | Peasant |
| 1:42 | Arcane Tower |
| 1:45 | Scout Tower |
| 1:47 | Peasant |
| 1:52 | Scout Tower |
| 1:56 | Farm |
| 2:00 | Peasant |
| 2:05 | Scout Tower |
| 2:05 | Scout Tower |
| 2:06 | Peasant |
| 2:10 | Scout Tower |
| 2:19 | Arcane Tower |
| 2:32 | Guard Tower |
| 2:33 | Peasant |
| 2:35 | Peasant |
| 2:37 | Guard Tower |
| 2:42 | Scout Tower |
| 2:43 | Peasant |
| 2:49 | Peasant |
| 2:53 | Guard Tower |
| 3:02 | Peasant |
| 3:05 | Scout Tower |
| 3:05 | Guard Tower |
| 3:12 | Peasant |
| 3:16 | Blizzard |
| 3:20 | Scout Tower |
| 3:20 | Guard Tower |
| 3:22 | Improved Masonry |
| 3:32 | Scout Tower |
| 3:35 | Scout Tower |
| 3:35 | Guard Tower |
| 3:38 | Scout Tower |
| 3:39 | Scout Tower |
| 3:43 | Scout Tower |
| 4:04 | Boots of Speed |
| 4:04 | Staff of Teleportation |
| 4:10 | Keep |
| 4:21 | Guard Tower |
| 4:22 | Scout Tower |
| 4:24 | Scout Tower |
| 4:25 | Scout Tower |
| 4:26 | Scout Tower |
| 4:30 | Guard Tower |
| 4:31 | Guard Tower |
| 4:33 | Scout Tower |
| 4:35 | Scout Tower |
| 4:36 | Scout Tower |
| 4:57 | Guard Tower |
| 5:08 | Scout Tower |
| 5:08 | Scout Tower |
| 5:19 | Guard Tower |
| 5:22 | Brilliance Aura |
| 5:31 | Scout Tower |
| 5:32 | Scout Tower |
| 5:38 | Guard Tower |
| 5:41 | Farm |
| 6:15 | Guard Tower |
| 6:32 | Advanced Masonry |
| 6:32 | Improved Lumber Harvesting |
| 6:34 | Arcane Sanctum |
| 6:54 | Scout Tower |
| 6:54 | Scout Tower |
| 6:55 | Guard Tower |
| 7:22 | Peasant |
| 7:22 | Peasant |
| 7:22 | Peasant |
| 7:36 | Storm Bolt |
| 7:59 | Town Hall |
| 8:03 | Scout Tower |
| 8:04 | Scout Tower |
| 8:04 | Scout Tower |
| 8:05 | Scout Tower |
| 8:06 | Scout Tower |
| 8:06 | Scout Tower |
| 8:07 | Scout Tower |
| 8:13 | Scout Tower |
| 8:14 | Scout Tower |
| 8:15 | Scout Tower |
| 8:16 | Scout Tower |
| 8:56 | Guard Tower |
| 9:44 | Castle |
| 10:00 | Healing Salve |
| 10:00 | Orb of Lightning |
| 10:17 | Scout Tower |
| 10:19 | Scout Tower |
| 10:19 | Scout Tower |
| 10:20 | Scout Tower |
| 10:41 | Magic Sentry |
| 10:42 | Guard Tower |
| 10:53 | Arcane Tower |
| 11:24 | Guard Tower |
| 11:26 | Scout Tower |
| 11:27 | Scout Tower |
| 11:43 | Scout Tower |
| 11:58 | Boots of Speed |
| 11:59 | Staff of Teleportation |
| 12:04 | Guard Tower |
| 12:06 | Town Hall |
| 12:30 | Guard Tower |
| 12:32 | Scout Tower |
| 12:33 | Scout Tower |
| 12:37 | Scout Tower |
| 12:38 | Scout Tower |
| 12:45 | Guard Tower |
| 12:46 | Scout Tower |
| 12:47 | Scout Tower |
| 12:49 | Scout Tower |
| 12:50 | Scout Tower |
| 12:59 | Advanced Lumber Harvesting |
| 13:07 | Peasant |
| 13:21 | Peasant |
| 13:41 | Peasant |
| 13:47 | Blizzard |
| 13:51 | Guard Tower |
| 14:05 | Farm |
| 14:09 | Bash |
| 14:19 | Guard Tower |
| 15:16 | Guard Tower |
| 15:17 | Peasant |
| 15:17 | Peasant |
| 15:17 | Peasant |
| 15:19 | Scout Tower |
| 15:19 | Scout Tower |
| 15:20 | Scout Tower |
| 15:20 | Scout Tower |
| 15:22 | Guard Tower |
| 15:23 | Scout Tower |
| 15:24 | Scout Tower |
| 15:25 | Scout Tower |
| 15:27 | Imbued Masonry |
| 15:36 | Arcane Vault |
| 15:49 | Arcane Tower |
| 16:05 | Orb of Lightning |
| 16:07 | Staff of Sanctuary |
| 16:15 | Guard Tower |
| 16:30 | Arcane Tower |
| 17:02 | Holy Light |
| 17:07 | Guard Tower |
| 17:33 | Arcane Vault |
| 17:40 | Guard Tower |
| 17:41 | Scout Tower |
| 17:42 | Scout Tower |
| 17:50 | Boots of Speed |
| 17:50 | Staff of Teleportation |
| 18:07 | Priest Adept Training |
| 18:07 | Priest |
| 18:10 | Staff of Sanctuary |
| 18:23 | Guard Tower |
| 18:46 | Guard Tower |
| 18:48 | Scout Tower |
| 18:49 | Scout Tower |
| 18:59 | Orb of Venom |
| 19:05 | Staff of Sanctuary |
| 19:16 | Scout Tower |
| 19:21 | Scout Tower |
| 19:22 | Scout Tower |
| 19:28 | Guard Tower |
| 19:29 | Peasant |
| 19:29 | Peasant |
| 19:47 | Arcane Vault |
| 19:49 | Peasant |
| 19:50 | Peasant |
| 19:50 | Peasant |
| 20:45 | Scout Tower |
| 20:46 | Scout Tower |
| 20:47 | Scout Tower |
| 21:02 | Guard Tower |
| 21:03 | Scout Tower |
| 21:04 | Scout Tower |
| 21:11 | Scout Tower |
| 21:14 | Peasant |
| 21:17 | Guard Tower |
| 21:32 | Guard Tower |
| 21:38 | Guard Tower |
| 21:45 | Potion of Healing |
| 21:47 | Lesser Clarity Potion |
| 22:05 | Guard Tower |
| 22:17 | Scout Tower |
| 22:17 | Scout Tower |
| 22:37 | Town Hall |
| 22:44 | Scout Tower |
| 22:45 | Scout Tower |
| 22:45 | Scout Tower |
| 22:46 | Scout Tower |
| 22:47 | Scout Tower |
| 22:47 | Scout Tower |
| 22:47 | Scout Tower |
| 22:48 | Scout Tower |
| 22:50 | Scout Tower |
| 22:51 | Scout Tower |
| 22:53 | Scout Tower |
| 22:57 | Arcane Tower |
| 23:10 | Guard Tower |
| 23:14 | Scout Tower |
| 23:15 | Scout Tower |
| 23:38 | Farm |
| 23:53 | Guard Tower |
| 24:08 | Arcane Tower |
| 24:14 | Guard Tower |
| 24:18 | Scout Tower |
| 24:25 | Priest |
| 25:23 | Brilliance Aura |
| 25:48 | Lesser Clarity Potion |
| 26:33 | Storm Bolt |
| 26:39 | Divine Shield |
| 26:46 | Priest |
| 27:47 | Peasant |
| 27:47 | Peasant |
| 27:48 | Guard Tower |
| 27:52 | Scout Tower |
| 27:53 | Scout Tower |
| 29:18 | Guard Tower |
| 30:16 | Priest Master Training |
| Right click | 2053 |
| Select group | 1367 |
| Select | 368 |
| Assign group | 302 |
| Build/train/purchase | 156 |
| Use ability | 137 |
| Chat | 36 |
| Misc. action | 34 |
| Resource trade | 5 |
| Remove unit | 3 |
| Item give/drop | 2 |



| Healing Salve | 4 | 400 |
| Lesser Clarity Potion | 5 | 350 |
| Orb of Lightning | 2 | 750 |
| Boots of Speed | 3 | 750 |
| Staff of Teleportation | 3 | 450 |
| Orb of Venom | 2 | 650 |
| Staff of Sanctuary | 3 | 750 |
| total: | 22 | 4100g |
| Peon | 11 | 825 | / | 0 |
| Troll Batrider | 3 | 480 | / | 120 |
| total: | 14 | 1305g | / | 120w |
| Watch Tower | 39 | 4290 | / | 3120 |
| Altar of Storms | 1 | 180 | / | 50 |
| Orc Burrow | 3 | 480 | / | 120 |
| War Mill | 1 | 205 | / | 0 |
| Voodoo Lounge | 3 | 390 | / | 90 |
| Barracks | 1 | 180 | / | 50 |
| Beastiary | 2 | 290 | / | 280 |
| Stronghold | 1 | 315 | / | 190 |
| Fortress | 1 | 325 | / | 190 |
| total: | 50 | 6015g | / | 3710w |
| 0:01 | Peon |
| 0:06 | Altar of Storms |
| 0:09 | Peon |
| 0:18 | Orc Burrow |
| 0:21 | Peon |
| 0:34 | War Mill |
| 0:41 | Peon |
| 0:59 | Peon |
| 1:12 | Voodoo Lounge |
| 1:16 | Peon |
| 1:30 | Peon |
| 1:33 | Peon |
| 1:40 | Peon |
| 1:47 | Watch Tower |
| 1:51 | Peon |
| 2:01 | Watch Tower |
| 2:04 | Peon |
| 2:05 | Wind Walk |
| 2:13 | Healing Salve |
| 2:24 | Watch Tower |
| 3:17 | Stronghold |
| 3:20 | Watch Tower |
| 3:37 | Watch Tower |
| 3:44 | Boots of Speed |
| 3:55 | Staff of Teleportation |
| 4:16 | Watch Tower |
| 4:56 | Watch Tower |
| 5:06 | Lesser Clarity Potion |
| 5:07 | Healing Salve |
| 5:16 | Orc Burrow |
| 5:31 | Watch Tower |
| 5:42 | Critical Strike |
| 5:51 | Fortress |
| 6:06 | Watch Tower |
| 6:32 | Watch Tower |
| 6:34 | Watch Tower |
| 7:16 | Watch Tower |
| 7:18 | Reinforced Defenses |
| 7:24 | Lesser Clarity Potion |
| 7:36 | Shockwave |
| 7:41 | Watch Tower |
| 7:49 | Healing Salve |
| 7:49 | Lesser Clarity Potion |
| 8:15 | Boots of Speed |
| 8:15 | Staff of Teleportation |
| 8:46 | Watch Tower |
| 8:46 | Watch Tower |
| 9:19 | Wind Walk |
| 10:07 | Watch Tower |
| 10:07 | Watch Tower |
| 10:08 | Watch Tower |
| 10:08 | Watch Tower |
| 10:08 | Watch Tower |
| 10:18 | Voodoo Lounge |
| 10:34 | Healing Wave |
| 11:31 | Watch Tower |
| 11:31 | Watch Tower |
| 11:33 | Watch Tower |
| 11:33 | Watch Tower |
| 11:37 | Watch Tower |
| 12:02 | Voodoo Lounge |
| 12:08 | Healing Salve |
| 12:13 | Lesser Clarity Potion |
| 12:14 | Lesser Clarity Potion |
| 12:17 | Boots of Speed |
| 12:17 | Staff of Teleportation |
| 12:57 | Orb of Lightning |
| 13:53 | Watch Tower |
| 13:53 | Watch Tower |
| 14:19 | Steel Ranged Weapons |
| 14:21 | Beastiary |
| 14:25 | Beastiary |
| 14:28 | Barracks |
| 15:34 | Orc Burrow |
| 16:26 | Hex |
| 16:37 | Orb of Venom |
| 16:37 | Orb of Venom |
| 17:48 | Troll Regeneration |
| 17:50 | Liquid Fire |
| 18:23 | Orb of Lightning |
| 18:43 | Watch Tower |
| 18:43 | Watch Tower |
| 18:44 | Watch Tower |
| 18:44 | Watch Tower |
| 18:45 | Watch Tower |
| 18:45 | Watch Tower |
| 18:55 | Watch Tower |
| 18:56 | Watch Tower |
| 19:09 | Troll Batrider |
| 19:10 | Troll Batrider |
| 20:19 | Endurance Aura |
| 20:27 | Critical Strike |
| 20:47 | Staff of Sanctuary |
| 21:12 | Watch Tower |
| 21:13 | Watch Tower |
| 21:13 | Watch Tower |
| 21:13 | Watch Tower |
| 21:15 | Troll Batrider |
| 21:53 | Staff of Sanctuary |
| 23:50 | Staff of Sanctuary |
| 29:08 | Shockwave |
| 30:41 | Healing Wave |
| Right click | 3480 |
| Select | 581 |
| Select group | 492 |
| Build/train/purchase | 111 |
| Use ability | 82 |
| Chat | 16 |
| Minimap ping | 12 |
| Assign group | 7 |
| Misc. action | 1 |
| Item give/drop | 1 |
| Remove unit | 1 |
152 units @ 21.3k
/ 3.8k
67 buildings @ 8.9k
/ 4.6k

| Scroll of Healing | 1 | 250 |
| total: | 1 | 250g |
| Wisp | 24 | 1440 | / | 0 |
| Archer | 15 | 1950 | / | 150 |
| Dryad | 18 | 2610 | / | 1080 |
| Chimaera | 3 | 990 | / | 210 |
| total: | 60 | 6990g | / | 1440w |
| Moon Well | 6 | 1080 | / | 240 |
| Ancient of War | 2 | 300 | / | 120 |
| Altar of Elders | 1 | 180 | / | 50 |
| Hunter's Hall | 1 | 210 | / | 100 |
| Ancient of Wonders | 1 | 90 | / | 30 |
| Tree of Life | 1 | 340 | / | 185 |
| Ancient of Lore | 2 | 310 | / | 290 |
| Chimaera Roost | 2 | 280 | / | 380 |
| Tree of Ages | 1 | 320 | / | 180 |
| Tree of Eternity | 1 | 330 | / | 200 |
| total: | 16 | 2790g | / | 1395w |
| 0:04 | Wisp |
| 0:27 | Moon Well |
| 0:28 | Wisp |
| 0:56 | Ancient of War |
| 1:00 | Wisp |
| 1:22 | Wisp |
| 1:25 | Wisp |
| 2:02 | Archer |
| 2:02 | Archer |
| 2:04 | Wisp |
| 2:10 | Wisp |
| 2:23 | Altar of Elders |
| 2:26 | Archer |
| 3:00 | Moon Well |
| 3:21 | Archer |
| 3:32 | Moon Well |
| 4:29 | Mana Burn |
| 4:34 | Archer |
| 4:35 | Ancient of War |
| 4:37 | Wisp |
| 4:41 | Wisp |
| 5:12 | Archer |
| 5:45 | Archer |
| 5:45 | Archer |
| 5:46 | Archer |
| 5:51 | Hunter's Hall |
| 6:20 | Archer |
| 6:20 | Archer |
| 6:47 | Tree of Ages |
| 7:07 | Archer |
| 7:08 | Archer |
| 7:10 | Strength of the Moon |
| 7:14 | Moon Well |
| 7:29 | Moon Well |
| 9:13 | Archer |
| 9:13 | Archer |
| 9:15 | Improved Strength of the Moon |
| 9:34 | Ancient of Lore |
| 9:38 | Ancient of Lore |
| 10:39 | Moon Armor |
| 10:47 | Dryad |
| 10:50 | Wisp |
| 10:50 | Wisp |
| 10:50 | Wisp |
| 11:15 | Dryad |
| 11:32 | Evasion |
| 11:34 | Dryad |
| 11:36 | Dryad |
| 12:05 | Ancient of Wonders |
| 12:14 | Scroll of Healing |
| 12:22 | Dryad |
| 12:22 | Dryad |
| 12:45 | Mana Burn |
| 13:20 | Tree of Life |
| 13:44 | Moon Well |
| 13:48 | Wisp |
| 13:48 | Wisp |
| 13:48 | Wisp |
| 15:14 | Dryad |
| 16:25 | Wisp |
| 16:25 | Wisp |
| 16:25 | Wisp |
| 16:25 | Wisp |
| 16:25 | Wisp |
| 16:30 | Dryad |
| 16:30 | Dryad |
| 16:34 | Tree of Eternity |
| 17:32 | Dryad |
| 17:33 | Dryad |
| 17:46 | Abolish Magic |
| 18:09 | Improved Moon Armor |
| 18:45 | Wisp |
| 18:45 | Wisp |
| 18:45 | Wisp |
| 18:45 | Wisp |
| 18:52 | Dryad |
| 18:52 | Dryad |
| 19:28 | Dryad |
| 19:28 | Dryad |
| 20:03 | Dryad |
| 20:03 | Dryad |
| 21:04 | Dryad |
| 21:46 | Chimaera Roost |
| 21:52 | Chimaera Roost |
| 23:23 | Chimaera |
| 23:24 | Corrosive Breath |
| 23:25 | Chimaera |
| 24:18 | Chimaera |
| 24:29 | Advanced Strength of the Moon |
| Right click | 1270 |
| Select | 516 |
| Misc. action | 453 |
| Select group | 274 |
| Build/train/purchase | 79 |
| Minimap ping | 35 |
| Assign group | 28 |
| Use ability | 19 |
| Esc | 3 |


| Potion of Healing | 2 | 300 |
| Scroll of Town Portal | 2 | 700 |
| total: | 4 | 1000g |
| Acolyte | 10 | 750 | / | 0 |
| Crypt Fiend | 5 | 1075 | / | 200 |
| Ghoul | 4 | 480 | / | 0 |
| Obsidian Statue | 7 | 1400 | / | 245 |
| Frost Wyrm | 3 | 1155 | / | 360 |
| Chimaera | 6 | 1980 | / | 420 |
| total: | 35 | 6840g | / | 1225w |
| Spirit Tower | 1 | 145 | / | 40 |
| Nerubian Tower | 1 | 100 | / | 20 |
| Graveyard | 1 | 215 | / | 0 |
| Crypt | 1 | 200 | / | 50 |
| Ziggurat | 9 | 1350 | / | 450 |
| Altar of Darkness | 1 | 180 | / | 50 |
| Tomb of Relics | 2 | 260 | / | 60 |
| Slaughterhouse | 1 | 140 | / | 135 |
| Sacrificial Pit | 1 | 75 | / | 150 |
| Boneyard | 3 | 525 | / | 600 |
| Halls of the Dead | 1 | 320 | / | 210 |
| Black Citadel | 1 | 325 | / | 230 |
| total: | 19 | 2945g | / | 1495w |
| 0:04 | Acolyte |
| 0:11 | Graveyard |
| 0:17 | Crypt |
| 0:21 | Acolyte |
| 0:40 | Ziggurat |
| 1:02 | Altar of Darkness |
| 1:36 | Crypt Fiend |
| 1:45 | Crypt Fiend |
| 2:04 | Ziggurat |
| 2:28 | Ghoul |
| 2:59 | Acolyte |
| 3:13 | Acolyte |
| 3:18 | Spirit Tower |
| 3:21 | Crypt Fiend |
| 3:26 | Death Coil |
| 3:42 | Crypt Fiend |
| 4:04 | Ghoul |
| 4:11 | Ziggurat |
| 5:13 | Halls of the Dead |
| 5:25 | Creature Attack |
| 5:27 | Ghoul |
| 5:53 | Tomb of Relics |
| 6:01 | Tomb of Relics |
| 6:04 | Ziggurat |
| 6:07 | Nerubian Tower |
| 6:34 | Ghoul |
| 6:34 | Crypt Fiend |
| 7:36 | Acolyte |
| 7:55 | Web |
| 8:16 | Ziggurat |
| 8:22 | Slaughterhouse |
| 8:41 | Unholy Aura |
| 8:57 | Frost Nova |
| 9:30 | Obsidian Statue |
| 9:30 | Obsidian Statue |
| 9:30 | Obsidian Statue |
| 9:41 | Potion of Healing |
| 9:54 | Potion of Healing |
| 10:13 | Acolyte |
| 11:36 | Acolyte |
| 11:36 | Acolyte |
| 11:36 | Acolyte |
| 11:37 | Acolyte |
| 11:39 | Improved Creature Attack |
| 11:39 | Creature Carapace |
| 12:41 | Ziggurat |
| 12:44 | Sacrificial Pit |
| 12:47 | Black Citadel |
| 14:11 | Improved Creature Carapace |
| 15:12 | Frost Armor |
| 15:56 | Obsidian Statue |
| 16:11 | Unholy Aura |
| 16:28 | Boneyard |
| 16:33 | Boneyard |
| 16:35 | Boneyard |
| 16:40 | Ziggurat |
| 16:41 | Ziggurat |
| 16:42 | Ziggurat |
| 17:38 | Advanced Creature Attack |
| 17:39 | Advanced Creature Carapace |
| 18:33 | Frost Wyrm |
| 18:40 | Freezing Breath |
| 18:47 | Frost Wyrm |
| 20:04 | Frost Nova |
| 20:53 | Frost Wyrm |
| 21:31 | Obsidian Statue |
| 21:31 | Obsidian Statue |
| 22:39 | Scroll of Town Portal |
| 23:30 | Obsidian Statue |
| 23:37 | Scroll of Town Portal |
| 27:37 | Chimaera |
| 27:37 | Chimaera |
| 27:37 | Chimaera |
| 27:37 | Chimaera |
| 27:38 | Chimaera |
| 27:38 | Chimaera |
| Right click | 1056 |
| Select group | 275 |
| Select | 267 |
| Build/train/purchase | 72 |
| Use ability | 47 |
| Assign group | 26 |
| Minimap ping | 5 |
| Misc. action | 2 |
| Item give/drop | 1 |
| Remove unit | 1 |



| Scroll of Regeneration | 2 | 200 |
| Potion of Healing | 2 | 300 |
| Scroll of Town Portal | 1 | 350 |
| Boots of Speed | 3 | 750 |
| total: | 8 | 1600g |
| Peasant | 21 | 1575 | / | 0 |
| Footman | 11 | 1485 | / | 0 |
| Mortar Team | 11 | 1980 | / | 770 |
| Priest | 9 | 1215 | / | 90 |
| Knight | 5 | 1225 | / | 300 |
| total: | 57 | 7480g | / | 1160w |
| Scout Tower | 8 | 240 | / | 160 |
| Arcane Tower | 1 | 70 | / | 50 |
| Guard Tower | 4 | 280 | / | 200 |
| Altar of Kings | 1 | 180 | / | 50 |
| Barracks | 1 | 160 | / | 60 |
| Farm | 12 | 960 | / | 240 |
| Lumber Mill | 1 | 120 | / | 0 |
| Arcane Vault | 1 | 130 | / | 30 |
| Blacksmith | 1 | 140 | / | 60 |
| Town Hall | 1 | 385 | / | 205 |
| Arcane Sanctum | 1 | 150 | / | 140 |
| Workshop | 3 | 420 | / | 420 |
| Gryphon Aviary | 2 | 280 | / | 300 |
| Keep | 1 | 320 | / | 210 |
| Castle | 1 | 360 | / | 210 |
| total: | 32 | 3165g | / | 1665w |
| 0:02 | Peasant |
| 0:05 | Altar of Kings |
| 0:13 | Barracks |
| 0:19 | Peasant |
| 0:27 | Farm |
| 0:31 | Peasant |
| 0:45 | Peasant |
| 1:08 | Farm |
| 1:09 | Peasant |
| 1:19 | Footman |
| 1:25 | Peasant |
| 1:39 | Footman |
| 1:44 | Footman |
| 1:49 | Farm |
| 1:55 | Peasant |
| 2:05 | Footman |
| 2:08 | Summon Water Elemental |
| 2:21 | Footman |
| 2:24 | Peasant |
| 2:24 | Peasant |
| 2:42 | Footman |
| 2:45 | Peasant |
| 2:45 | Peasant |
| 3:23 | Peasant |
| 3:25 | Keep |
| 3:32 | Brilliance Aura |
| 3:39 | Farm |
| 3:43 | Scout Tower |
| 3:48 | Lumber Mill |
| 4:16 | Arcane Vault |
| 4:18 | Arcane Tower |
| 4:33 | Footman |
| 4:38 | Scout Tower |
| 5:02 | Boots of Speed |
| 5:09 | Guard Tower |
| 5:11 | Footman |
| 5:15 | Blacksmith |
| 5:36 | Defend |
| 6:25 | Farm |
| 6:26 | Farm |
| 6:39 | Iron Plating |
| 6:41 | Footman |
| 7:14 | Footman |
| 7:16 | Arcane Sanctum |
| 7:21 | Summon Water Elemental |
| 7:33 | Iron Forged Swords |
| 7:36 | Footman |
| 8:02 | Steel Plating |
| 8:19 | Siphon Mana |
| 8:52 | Priest Adept Training |
| 8:55 | Castle |
| 9:02 | Boots of Speed |
| 9:02 | Boots of Speed |
| 10:03 | Scroll of Regeneration |
| 10:04 | Potion of Healing |
| 10:38 | Town Hall |
| 11:03 | Magic Sentry |
| 11:29 | Scout Tower |
| 11:30 | Scout Tower |
| 11:32 | Scout Tower |
| 11:33 | Scout Tower |
| 12:00 | Guard Tower |
| 12:09 | Steel Forged Swords |
| 12:11 | Priest Master Training |
| 12:16 | Peasant |
| 12:16 | Peasant |
| 12:18 | Peasant |
| 12:20 | Peasant |
| 12:40 | Improved Masonry |
| 12:41 | Improved Lumber Harvesting |
| 13:02 | Guard Tower |
| 13:38 | Peasant |
| 13:41 | Scout Tower |
| 13:45 | Scout Tower |
| 14:20 | Guard Tower |
| 14:25 | Advanced Masonry |
| 14:33 | Workshop |
| 14:36 | Workshop |
| 14:44 | Workshop |
| 14:46 | Scroll of Regeneration |
| 14:52 | Peasant |
| 14:52 | Peasant |
| 15:05 | Gryphon Aviary |
| 15:08 | Peasant |
| 15:08 | Peasant |
| 15:46 | Fragmentation Shards |
| 15:54 | Flare |
| 16:28 | Gryphon Aviary |
| 16:34 | Mortar Team |
| 16:38 | Mortar Team |
| 17:06 | Mortar Team |
| 17:09 | Black Gunpowder |
| 17:34 | Mortar Team |
| 17:38 | Farm |
| 17:42 | Farm |
| 17:42 | Farm |
| 17:43 | Farm |
| 17:44 | Farm |
| 17:45 | Farm |
| 17:56 | Mortar Team |
| 18:06 | Advanced Lumber Harvesting |
| 18:07 | Imbued Masonry |
| 18:35 | Mortar Team |
| 18:42 | Scroll of Town Portal |
| 18:43 | Potion of Healing |
| 19:04 | Mortar Team |
| 20:17 | Priest |
| 20:17 | Priest |
| 20:17 | Priest |
| 20:17 | Priest |
| 20:17 | Priest |
| 20:21 | Mortar Team |
| 21:38 | Mortar Team |
| 21:43 | Refined Gunpowder |
| 23:07 | Animal War Training |
| 23:08 | Knight |
| 23:41 | Priest |
| 23:41 | Priest |
| 23:57 | Priest |
| 24:01 | Mortar Team |
| 24:07 | Knight |
| 24:10 | Imbued Gunpowder |
| 25:31 | Mortar Team |
| 25:33 | Priest |
| 25:34 | Knight |
| 26:20 | Knight |
| 26:26 | Mithril Plating |
| 27:50 | Knight |
| 27:55 | Sorceress Adept Training |
| 29:22 | Storm Bolt |
| 29:55 | Sorceress Master Training |
| Right click | 1033 |
| Select | 717 |
| Select group | 217 |
| Build/train/purchase | 173 |
| Misc. action | 125 |
| Assign group | 31 |
| Use ability | 21 |
| Minimap ping | 14 |
| Chat | 8 |
| Item give/drop | 2 |
⇛